 Dungeon Crawl Stone Soup version 0.26-a0-851-g735459dd53 (webtiles) character file.

Game seed: 14767658276855901593

25 James the Insei (level 3, -2/24 HPs)
             Began as an Octopode Transmuter on Nov 21, 2020.
             Slain by a quokka (3 damage)
             ... on level 2 of the Dungeon.
             The game lasted 00:05:45 (1190 turns).

James the Insei (Octopode Transmuter)               Turns: 1190, Time: 00:05:45

Health: -2/24      AC:  1    Str:  9    XL:     3   Next: 6%
Magic:  4/6        EV: 13    Int: 16    God:
Gold:   80         SH:  0    Dex: 12    Spells: 3/6 levels left

rFire    . . .     SeeInvis .     - Unarmed
rCold    . . .     Faith    .   (no shield)
rNeg     . . .     Spirit   .   (helmet currently unavailable)
rPois    .         Reflect  .   l - amulet of the acrobat
rElec    .         Harm     .   g - ring of teleportation (curse)
rCorr    .         Rampage  .   (no ring)
MR       .....     Rnd*Tele +   (no ring)
Stlth    ++........             (no ring)
HPRegen  0.08/turn              (no ring)
MPRegen  0.10/turn              (no ring)
                                (no ring)
                                (no ring)

@: appendages
A: almost no armour, stealthy swim, amphibious, 8 rings, constrict 8, tentacle
spike 3, camouflage 1, gelatinous body 1
a: End Transformation


You were on level 2 of the Dungeon.
One of your tentacles had a temporary spike.
You visited 1 branch of the dungeon, and saw 2 of its levels.

You collected 80 gold pieces.

Inventory:

Hand Weapons
 h - a +1 short sword of freezing
   (You took it off a kobold on level 1 of the Dungeon)
 i - a +0 hunting sling
   (You found it on level 1 of the Dungeon)
Missiles
 k - 9 bolts
 n - 15 stones (quivered)
Jewellery
 g - a cursed ring of teleportation (left tentacle)
   (You found it on level 1 of the Dungeon)
 j - an uncursed ring of protection from fire {unknown}
   (You found it on level 1 of the Dungeon)
 l - an amulet of the acrobat (around mantle)
   (You found it on level 1 of the Dungeon)
Scrolls
 e - a scroll of fear {unknown}
 f - 2 scrolls of identify {unknown}
 m - a scroll of teleportation {unknown}
Potions
 a - 2 potions of brilliance {unknown}
 b - a potion of haste {unknown}
 c - a potion of lignification {unknown}
 d - 2 potions of curing {unknown}


   Skills:
 + Level 1.7 Fighting
 - Level 2.0 Dodging
 + Level 3.4 Unarmed Combat
 - Level 2.0 Spellcasting
 + Level 2.5 Transmutations


You had 3 spell levels left.
You knew the following spells:

 Your Spells              Type           Power        Failure   Level
a - Beastly Appendage     Tmut           #.....       8%          1
b - Wereblood             Tmut           #.......     11%         2

Your spell library contained the following spells:

 Spells                   Type           Power        Failure   Level
 Spider Form              Tmut/Pois      #.........   36%         3
 Ice Form                 Ice/Tmut       #.......     77%         4
 Blade Hands              Tmut           #.........   90%         5


Dungeon Overview and Level Annotations

Branches:
Dungeon (2/15)

Altars:
Ashenzari


Innate Abilities, Weirdness & Mutations

You cannot wear most types of armour.
You are very stealthy in the water. (Stealth+)
You are amphibious.
You can wear up to eight rings at the same time.
You can use your tentacles to constrict eight enemies at once.
Your skin changes colour to match your surroundings (Stealth+).
Your rubbery body absorbs attacks. (AC +1, EV +1)
One of your tentacles bears a large vicious spike.


Message History

Your tentacle spike misses the leopard gecko.
Your squeeze misses the leopard gecko. The leopard gecko closely misses you.
You closely miss the leopard gecko. Your grab misses the leopard gecko.
Your tentacle spike misses the leopard gecko.
The leopard gecko closely misses you.
You closely miss the leopard gecko. You grab the leopard gecko.
You constrict the leopard gecko. The leopard gecko bites you.
The leopard gecko barely misses you.
You tentacle-slap the leopard gecko but do no damage.
You pierce the leopard gecko.
You squeeze the leopard gecko.
You kill the leopard gecko!
You have reached level 3!
Your experience leads to an increase in your attributes!
Increase (S)trength, (I)ntelligence, or (D)exterity?
You feel clever.
You barely miss the rat. Your grab misses the rat.
Your transformation is almost over.
The rat misses you.
You closely miss the rat. Your grab misses the rat.
Your tentacle spike misses the rat.
Your squeeze misses the rat. The rat bites you.
You tentacle-slap the rat.
You kill the rat!
You start resting.
You feel strangely unstable.
You are suddenly yanked towards some nearby monsters!
Your surroundings suddenly seem different.
An adder comes into view.
A quokka comes into view.
The adder completely misses you.
Found a broken altar of Ashenzari.
A goblin comes into view.
It is wielding a +1 dagger of protection.
You tentacle-slap the adder. Your grab misses the adder. The adder misses you.
You tentacle-slap the adder. Your grab misses the adder.
Your tentacle spike disappears.
The adder closely misses you.
You closely miss the adder. Your grab misses the adder.
Your squeeze misses the adder. The adder barely misses you.
You barely miss the adder. Your grab misses the adder.
The adder closely misses you. The quokka misses you.
One of your tentacles grows a vicious spike.
The goblin shouts!
The adder bites you. The quokka closely misses you. The quokka bites you.
* * * LOW HITPOINT WARNING * * *
The adder bites you but does no damage. The quokka bites you.
* * * LOW HITPOINT WARNING * * *
You closely miss the adder. Your grab misses the adder. The quokka bites you.
* * * LOW HITPOINT WARNING * * *
The adder misses you. The quokka bites you.
You die...

#.####.......#
..........##.#
#....#
########.....#
#....#
####.........#
.l........
#...###.g.
#.... ....
#..####r###
#..##..@..#
##.#..rS...#
#.......#
....._.....
#.#.......#..#
# #.......# .#
##.....## #
###.###


You could see an adder, 2 quokkas and a goblin.

Vanquished Creatures
  An adder (D:2)
  2 leopard geckos (D:2)
  A goblin (D:1)
  5 hobgoblins
  A ball python (D:1)
  2 bats (D:1)
  A frilled lizard (D:1)
  A kobold (D:1)
  A rat (D:2)
15 creatures vanquished.

Notes
Turn   | Place    | Note
-------+----------+-------------------------------------------
     0 | D:1      | James the Octopode Transmuter began the quest for the Orb.
     0 | D:1      | Reached XP level 1. HP: 13/13 MP: 3/3
   285 | D:1      | Reached XP level 2. HP: 11/18 MP: 3/5
   320 | D:1      | Learned a level 2 spell: Wereblood
  1178 | D:2      | Reached XP level 3. HP: 19/24 MP: 4/6
  1184 | D:2      | Found a broken altar of Ashenzari.
  1190 | D:2      | HP: 1/24 [quokka (5)]
  1190 | D:2      | Slain by a quokka

Illustrated notes

Levels and vault maps discovered:
D:1:      minmay_arrival_stair_chambers, layout_loops_ring, serial_glass,
          glass_columns_a, glass_columns_a, glass_columns_a, glass_columns_c,
          minmay_strange_pillars, feat_on_display
D:2:      layout_rooms, old_standard_altar, serial_glass, glass_columns_c,
          glass_columns_b, glass_columns_b, glass_columns_b, glass_columns_c,
          glass_columns_a, grunt_ministairs_13

Action                   || total
-------------------------++-------
Melee: Unarmed           ||    39
       Kick              ||     7
       Constrict         ||    10
       Tentacles         ||     4
       Punch             ||     3
 Cast: Beastly Appendage ||     7
       Wereblood         ||     1
 Stab: Sleeping          ||     2
Armor: Skin              ||     2
Dodge: Dodged            ||    30

Table legend: (Time is in decaauts)
 A = Elapsed time spent in this place.
 B = Non-inter-level travel time spent in this place.
 C = Inter-level travel time spent in this place.
 D = Time resting spent in this place.
 E = Time spent auto-exploring this place.
 F = Levels seen in this place.
 G = Mean time per level.
                   A        B        C        D        E       F      G
               +--------+--------+--------+--------+--------+-----+--------+
         Total |   1186 |   1162 |     24 |    289 |    575 |   2 |  593.0 |
       Dungeon |   1186 |   1162 |     24 |    289 |    575 |   2 |  593.0 |
               +--------+--------+--------+--------+--------+-----+--------+

Top non-repeatable levels by time:
     D:1: 996 daAuts
     D:2: 190 daAuts
